 Dungeon Crawl Stone Soup version 0.27-a0-385-g3208abaabc (webtiles) character file.

Game seed: 10343861167075821287

81406 jasper the Unseen (level 15, -3/71 (78) HPs)
             Began as a Spriggan Enchanter on Feb 18, 2021.
             Was the Champion of Wu Jian.
             Slain by a troll (14 damage)
             ... on level 13 of the Dungeon.
             The game lasted 01:00:15 (26657 turns).

jasper the Unseen (Spriggan Enchanter)             Turns: 26657, Time: 01:00:15

HP:   -3/71 (78)    AC:  5    Str:  4    XL:     15   Next: 26%
MP:   9/20          EV: 36    Int: 25    God:    Wu Jian [******]
Gold: 604           SH:  0    Dex: 26    Spells: 2/20 levels left

rFire    . . .     SeeInvis +   t - +2 dagger (speed)
rCold    . . .     Faith    .   (shield restricted)
rNeg     + . .     Spirit   .   n - +2 robe {rN+}
rPois    .         Reflect  .   (helmet restricted)
rElec    +         Harm     .   H - +0 cloak
rCorr    .         Rampage  .   (gloves unavailable)
Will     ++++.                  (boots unavailable)
Stlth    ++++++++..             A - amulet of regeneration
HPRegen  1.21/turn              X - ring "Gateuc" {+Inv rF+ rC- Will+ Dex+6}
MPRegen  0.17/turn              O - ring "Olynewk" {Ice rElec Will+ Int+4 Dex+2}

@: studying Dodging, drained, very quick
A: very small, unfitting armour, see invisible, speed 3
a: Renounce Religion, Evoke Invisibility, Wall Jump, Serpent's Lash, Heavenly
Storm


You were on level 13 of the Dungeon.
You worshipped Wu Jian.
Wu Jian was exalted by your worship.
You visited 4 branches of the dungeon, and saw 22 of its levels.
You visited the Abyss 1 time.
You also visited: Trove.

You collected 2168 gold pieces.
You spent 1564 gold pieces at shops.

Inventory:

Hand Weapons
 a - a +1 dagger of protection
 t - a +2 dagger of speed (weapon)
 y - a +1 rapier of protection
 C - a +0 hand crossbow
 M - a +2 dagger of flaming
Missiles
 h - 93 bolts
Armour
 n - a +2 robe of positive energy (worn)
 B - a +0 buckler
 F - +0 steam dragon scales
 H - a +0 cloak (worn)
Jewellery
 b - a +4 ring of slaying
 d - the ring of the Omega Point {rElec rPois Dex-5 Slay+4}
   (You found it in a treasure trove)

   [ring of slaying]

   It affects your dexterity (-5).
   It affects your accuracy and damage with ranged weapons and melee attacks
   (+4).
   It insulates you from electricity.
   It protects you from poison.
 q - a ring of willpower
 v - an amulet of the acrobat
 A - an amulet of regeneration (around neck)
 O - the ring "Olynewk" (right hand) {Ice rElec Will+ Int+4 Dex+2}
   (You found it in a treasure trove)

   [ring of ice]

   It enhances your ice magic.
   It affects your intelligence (+4).
   It affects your dexterity (+2).
   It makes you vulnerable to fire.
   It protects you from cold.
   It insulates you from electricity.
   It affects your willpower, your defense against some magical effects.
 P - the ring "Tesolariz" {EV+4 Str+8 Dex+4 Stlth-}
   (You found it in a treasure trove)

   [ring of evasion]

   It affects your evasion (+4).
   It affects your strength (+8).
   It affects your dexterity (+4).
   It makes you less stealthy.
 Q - the ring of Evontiq {rPois Str-3 Int+6 Dex+2 Stlth+}
   (You found it in a treasure trove)

   [ring of poison resistance]

   It affects your strength (-3).
   It affects your intelligence (+6).
   It affects your dexterity (+2).
   It protects you from poison.
   It makes you more stealthy.
 R - the ring "Joask" {+Fly EV+4}
   (You found it in a treasure trove)

   [ring of evasion]

   It affects your evasion (+4).
   It lets you fly.
 S - the amulet of the Duchess {Spirit rC- Int+3 SInv Stlth+}
   (You found it in a treasure trove)

   [amulet of guardian spirit]

   It causes incoming damage to be split between your health and magic.
   It affects your intelligence (+3).
   It makes you vulnerable to cold.
   It lets you see invisible.
   It makes you more stealthy.
 U - the ring "Pukh" {rPois rF- Dex+6 Stlth+}
   (You found it in a treasure trove)

   [ring of dexterity]

   It affects your dexterity (+6).
   It makes you vulnerable to fire.
   It protects you from poison.
   It makes you more stealthy.
 W - the ring of Pigrokk {rN++ Int+6}
   (You found it in a treasure trove)

   [ring of intelligence]

   It affects your intelligence (+6).
   It greatly protects you from negative energy.
 X - the ring "Gateuc" (left hand) {+Inv rF+ rC- Will+ Dex+6}
   (You found it in a treasure trove)

   [ring of dexterity]

   It affects your dexterity (+6).
   It protects you from fire.
   It makes you vulnerable to cold.
   It affects your willpower, your defense against some magical effects.
   It lets you turn invisible.
 Z - the ring "Rionef" {rC+ rN+ Str+6}
   (You found it on level 2 of the Lair of Beasts)

   [ring of strength]

   It affects your strength (+6).
   It protects you from cold.
   It protects you from negative energy.
Wands
 m - a wand of digging (4)
 I - a wand of flame (31)
 K - a wand of charming (8)
Scrolls
 c - 2 scrolls of enchant weapon
 e - 7 scrolls of magic mapping
 f - a scroll of immolation
 g - 6 scrolls of blinking
 l - 3 scrolls of fog
 p - a scroll of fear
 s - 5 scrolls of teleportation
 z - 4 scrolls of random uselessness
 J - a scroll of enchant armour
Potions
 i - 3 potions of lignification
 j - 2 potions of degeneration
 o - 5 potions of ambrosia
 r - 6 potions of might
 u - 2 potions of cancellation
 w - a potion of mutation
 x - 6 potions of heal wounds
 E - 4 potions of curing
 G - 3 potions of haste
 L - a potion of attraction
 N - 2 potions of brilliance
 T - 2 potions of invisibility
 V - a potion of resistance
Miscellaneous
 k - a lightning rod (2/4)
 D - a box of beasts


   Skills:
 - Level 8.5 Fighting
 - Level 9.0 Short Blades
 - Level 13.0 Dodging
 - Level 18.3 Stealth
 - Level 7.2 Shields
 - Level 3.1 Spellcasting
 - Level 8.0 Hexes
 - Level 3.0 Necromancy
 - Level 4.0 Translocations
 + Level 2.9 Transmutations
 - Level 5.0 Ice Magic
 + Level 1.9 Earth Magic
 - Level 15.6 Evocations


You had 2 spell levels left.
You knew the following spells:

 Your Spells              Type           Power        Failure   Level
a - Corona                Hex            47%          1%          1
b - Ensorcelled Hibernat  Hex/Ice        100%         1%          2
c - Confusing Touch       Hex            43%          1%          3
d - Tukima's Dance        Hex            43%          1%          3
e - Ozocubu's Armour      Ice            43%          3%          3
f - Animate Skeleton      Necr           38%          3%          1
g - Apportation           Tloc           48%          1%          1
h - Petrify               Tmut/Erth      16%          36%         4

Your spell library contained the following spells:

 Spells                   Type           Power        Failure   Level
 Freeze                   Ice            100%         1%          1
 Pain                     Necr           76%          3%          1
 Poisonous Vapours        Pois/Air       6%           16%         2
 Frozen Ramparts          Ice            86%          3%          3
 Gell's Gravitas          Tloc           12%          5%          3
 Lesser Beckoning         Tloc           12%          5%          3
 Dazzling Flash           Conj/Hex       46%          6%          3
 Vampiric Draining        Necr           9%           9%          3
 Metabolic Englaciation   Hex/Ice        26%          19%         5
 Animate Dead             Necr           9%           28%         4
 Yara's Violent Unravell  Hex/Tmut       15%          28%         5
 Conjure Flame            Conj/Fire      3%           30%         3
 Mephitic Cloud           Conj/Pois/Air  3%           30%         3
 Hailstorm                Conj/Ice       24%          34%         4
 Summon Ice Beast         Ice/Summ       24%          34%         4
 Invisibility             Hex            43%          50%         6
 Agony                    Necr           19%          63%         5
 Olgreb's Toxic Radiance  Pois           3%           69%         4
 Alistair's Intoxication  Tmut/Pois      7%           83%         5
 Freezing Cloud           Conj/Ice/Air   9%           100%        6
 Haunt                    Necr/Summ      5%           100%        7
 Malign Gateway           Summ/Tloc      7%           100%        7
 Monstrous Menagerie      Summ           1%           100%        7
 Disjunction              Tloc           12%          100%        8
 Summon Horrible Things   Summ           1%           100%        8


Dungeon Overview and Level Annotations

Branches:
Dungeon (13/15)            Temple (1/1) D:5            Lair (6/6) D:11
 Shoals (0/4) Lair:2       Spider (0/4) Lair:2        Slime (0/5) Lair:5
    Orc (2/2) D:12            Elf (0/3) Orc:2
 Vaults: D:13-14

Altars:
Ashenzari
Elyvilon
Fedhas
Gozag
Hepliaklqana
Kikubaaqudgha
Nemelex Xobeh
Qazlal
Ru
Trog
Uskayaw
Vehumet
Wu Jian
Xom
Yredelemnul
Zin
The Shining One

Shops:
Orc:2 :::=

Annotations:
Lair:3 exclusion: oklob plant
Lair:5 exclusion: 2 oklob plants
Orc:2 gregwegmann's ghost, journeyman GrFi


Innate Abilities, Weirdness & Mutations

You are very small and have problems with some larger weapons.
You are too small for most types of armour.
You have supernaturally acute eyesight. (SInv)
You cover ground extremely quickly.


Message History

Health restored: 71
Aiming: Ensorcelled Hibernation (safe; 1% risk of failure)
Press: ? - help, Q - select action, (/) - cycle Shift-Dir - straight line, f - death knight
Aim: a death knight, wielding a +1 vampiric glaive and wearing a +0 chain mail (lightly wounded, reflecting injuries, chance to affect: 22%)
You feel a surge of power!
The death knight resists with almost no effort.
The death knight hits you with a +1 vampiric glaive!!
You take 26 damage, and have 45/71 hp.
MASSIVE DAMAGE!!
You now have 16/20 mp.
Aiming: Ensorcelled Hibernation (safe; 1% risk of failure)
Press: ? - help, Q - select action, (/) - cycle Shift-Dir - straight line, f/p - death knight
Aim: a death knight, wielding a +1 vampiric glaive and wearing a +0 chain mail (lightly wounded, reflecting injuries, chance to affect: 22%)
You feel a surge of power!
The death knight resists with almost no effort.
The death knight misses you.
You regained 2 hp, and now have 47/71 hp.
You now have 14/20 mp.
Aiming: Ensorcelled Hibernation (safe; 1% risk of failure)
Press: ? - help, Q - select action, (/) - cycle Shift-Dir - straight line, f/p - death knight
Aim: a death knight, wielding a +1 vampiric glaive and wearing a +0 chain mail (lightly wounded, reflecting injuries, chance to affect: 22%)
You feel a surge of power!
The death knight resists with almost no effort.
The death knight completely misses you.
You now have 13/20 mp.
Aiming: Ensorcelled Hibernation (safe; 1% risk of failure)
Press: ? - help, Q - select action, (/) - cycle Shift-Dir - straight line, f/p - death knight
Aim: a death knight, wielding a +1 vampiric glaive and wearing a +0 chain mail (reflecting injuries, chance to affect: 22%)
You feel a surge of power!
The death knight resists with almost no effort.
The troll completely misses you. x2; The troll misses you.
You now have 11/20 mp.
Aiming: Ensorcelled Hibernation (safe; 1% risk of failure)
Press: ? - help, Q - select action, (/) - cycle Shift-Dir - straight line, f/p - death knight
Aim: a death knight, wielding a +1 vampiric glaive and wearing a +0 chain mail (reflecting injuries, chance to affect: 22%)
You feel a surge of power!
The death knight resists with almost no effort.
The death knight hits you with a +1 vampiric glaive!!!
Ouch! That really hurt!
* * * LOW HITPOINT WARNING * * *
The troll misses you. The troll claws you!
You die...

.....#....#
#....##.#.#####
#.........$...#
#.............#########
......................#
#.>...................#
...........!..†.......#
#####(................#
.> .............@T...)#
≈≈≈≈#............p....#
##. ................).#
.#.####.#.........# ≈.
#.####.##...# .. .#
#... #. .# ##( .#


You could see a death knight (reflects damage) and a troll.

Vanquished Creatures
  Nessos (D:13)
  Snorg (Orc:1)
  Erolcha (Orc:1)
  9 hydras
  An ogre mage (Orc:1)
  A boulder beetle (D:12)
  Erica (Lair:2)
  8 two-headed ogres
  A catoblepas (D:13)
  5 death yaks (Lair:3)
  2 orc high priests
  9 spriggans (Lair:6)
  Sonja (Orc:1)
  An orc knight (Orc:1)
  4 orc sorcerers (Orc:2)
  2 ugly things
  2 cyclopes
  Joseph (D:7)
  A merfolk siren (Lair:2)
  Maurice (Orc:1)
  22 elephants
  A torpor snail (Lair:3)
  6 black mambas
  14 cane toads
  A centaur skeleton (D:11)
  Maggie (D:7)
  4 rime drakes
  2 gargoyles (D:11)
  7 komodo dragons
  A queen bee (Lair:4)
  3 meliai
  6 polar bears
  6 trolls
  5 hornets
  Grinder (D:6)
  15 blink frogs
  A meliai zombie (D:12)
  3 dream sheep
  7 basilisks
  A wraith (D:12)
  2 wyverns
  2 steam dragons
  47 yaks
  16 water moccasins
  30 orc warriors
  3 ice beasts
  A sky beast (D:11)
  8 black bears
  A necrophage (D:11)
  7 centaurs
  4 boggarts (Lair:6)
  43 wolves
  22 ogres
  A kobold brigand (D:13)
  A phantom (D:5)
  19 bullfrogs
  A gnoll sergeant (D:7)
  A wyvern zombie (D:12)
  4 scorpions
  3 wights
  31 killer bees
  3 howler monkeys
  3 centaur zombies
  A jelly (D:7)
  3 bullfrog zombies
  6 hounds
  26 orc priests
  Crazy Yiuf (D:7)
  Jessica (D:2)
  4 iguanas
  37 orc wizards
  7 hell rats (Lair:3)
  8 worker ants
  2 hound skeletons
  11 gnolls
  9 adders
  A shadow imp (D:10)
  2 white imps
  An ufetubus (D:8)
  An adder skeleton (D:7)
  4 dart slugs
  3 leopard geckos
  119 orcs
  An orc simulacrum (Orc:2)
  A ball python (D:2)
  14 bats
  5 giant cockroaches
  2 goblins
  6 hobgoblins
  11 jackals
  7 quokkas
  6 frilled lizards
  13 kobolds
  11 rats
737 creatures vanquished.

Vanquished Creatures (collateral kills)
  The ghost of Midn8 the Fighter, a journeyman DrAK of Lugonu (Lair:5)
  A cane toad (Lair:6)
  A hornet (Lair:6)
  4 spriggans (Lair:6)
  A yak (D:12)
  An ogre (D:4)
  5 orc wizards (Orc:2)
  An ufetubus (D:9)
  An orc (Orc:2)
16 creatures vanquished.

Vanquished Creatures (others)
  A dancing weapon (D:9)
  An orc (Orc:2)
  38 fungi
  46 plants
86 creatures vanquished.

Grand Total: 839 creatures vanquished

Notes
Turn   | Place    | Note
-------+----------+-------------------------------------------
     0 | D:1      | jasper the Spriggan Enchanter began the quest for the Orb.
     0 | D:1      | Reached XP level 1. HP: 9/9 MP: 5/5
   573 | D:1      | Reached XP level 2. HP: 13/13 MP: 7/7
   584 | D:1      | Learned a level 2 spell: Ensorcelled Hibernation
  1389 | D:1      | Reached skill level 5 in Stealth
  1673 | D:1      | Reached XP level 3. HP: 16/16 MP: 8/8
  2243 | D:2      | Found a glowing golden altar of the Shining One.
  2508 | D:2      | Noticed Jessica
  3057 | D:2      | Killed Jessica
  3058 | D:2      | Reached skill level 5 in Hexes
  3058 | D:2      | Reached XP level 4. HP: 7/21 MP: 5/9
  3095 | D:2      | Learned a level 3 spell: Confusing Touch
  3099 | D:2      | Learned a level 3 spell: Tukima's Dance
  4087 | D:3      | Reached skill level 6 in Stealth
  4211 | D:3      | Reached XP level 5. HP: 8/24 MP: 0/10
  4767 | D:3      | Found a broken altar of Ashenzari.
  4771 | D:3      | Found an ornate altar of the Wu Jian Council.
  4771 | D:3      | Found an opulent altar of Gozag.
  4779 | D:3      | Found a bloodstained altar of Trog.
  4782 | D:3      | Found a radiant altar of Vehumet.
  4790 | D:3      | Became a worshipper of the Wu Jian Council
  5273 | D:4      | Noticed an ogre
  5293 | D:4      | Killed an ogre
  5294 | D:4      | Reached XP level 6. HP: 28/28 MP: 1/11
  5861 | D:4      | Reached skill level 7 in Stealth
  6000 | D:4      | Noticed an orc warrior
  6007 | D:4      | Killed an orc warrior
  6010 | D:4      | Reached XP level 7. HP: 30/32 MP: 3/12
  6128 | D:4      | Found a sacrificial altar of Ru.
  6128 | D:4      | Found a sparkling altar of Nemelex Xobeh.
  6202 | D:4      | Reached skill level 8 in Stealth
  6247 | D:4      | Reached skill level 1 in Ice Magic
  6590 | D:5      | Entered Level 5 of the Dungeon
  6622 | D:5      | Found a staircase to the Ecumenical Temple.
  7254 | D:5      | Found a shadowy altar of Dithmenos.
  7256 | D:5      | Found a burning altar of Makhleb.
  7256 | D:5      | Found a white marble altar of Elyvilon.
  7267 | D:5      | Found a shimmering altar of Xom.
  7267 | D:5      | Found a stormy altar of Qazlal.
  7267 | D:5      | Found a radiant altar of Vehumet.
  7451 | Temple   | Entered the Ecumenical Temple
  7627 | D:6      | Noticed Grinder
  7639 | D:6      | Killed Grinder
  7640 | D:6      | Reached skill level 9 in Stealth
  7683 | D:6      | Reached XP level 8. HP: 36/36 MP: 13/13
  8002 | D:6      | Reached * piety under Wu Jian
  8003 | D:6      | Reached skill level 10 in Stealth
  8738 | D:7      | Reached skill level 5 in Short Blades
  8853 | D:7      | Noticed Joseph
  8861 | D:7      | Killed Joseph
  8862 | D:7      | Reached skill level 11 in Stealth
  8899 | D:7      | Reached XP level 9. HP: 39/39 MP: 11/14
  9441 | D:7      | Noticed Maggie
  9443 | D:7      | Killed Maggie
  9444 | D:7      | Reached skill level 12 in Stealth
  9586 | D:7      | Found a stormy altar of Qazlal.
  9586 | D:7      | Found a hide-covered altar of Uskayaw.
  9879 | D:7      | Found a runed translucent door.
  9880 | D:7      | Noticed Crazy Yiuf
  9886 | D:7      | Killed Crazy Yiuf
  9886 | D:7      | Reached ** piety under Wu Jian
 10015 | D:8      | Reached skill level 1 in Evocations
 10019 | D:8      | Reached skill level 1 in Fighting
 10024 | D:8      | Found a blossoming altar of Fedhas.
 10051 | D:8      | Found an ancient bone altar of Kikubaaqudgha.
 10200 | D:8      | Found a hazy altar of Hepliaklqana.
 10710 | D:9      | Reached skill level 13 in Stealth
 10710 | D:9      | Reached XP level 10. HP: 46/46 MP: 15/15
 10879 | D:9      | Reached skill level 5 in Dodging
 11311 | D:9      | Reached *** piety under Wu Jian
 11319 | D:10     | Entered Level 10 of the Dungeon
 11500 | D:10     | Noticed a green ugly thing
 11504 | D:10     | Killed a green ugly thing
 11505 | D:10     | Reached skill level 5 in Evocations
 11509 | D:10     | Learned a level 3 spell: Ozocubu's Armour
 11630 | D:10     | Noticed a two-headed ogre
 11636 | D:10     | Killed a two-headed ogre
 11667 | D:10     | Reached skill level 14 in Stealth
 11990 | D:10     | Found a portal to a secret trove of treasure.
 12419 | D:11     | Reached XP level 11. HP: 53/53 MP: 7/16
 13329 | D:11     | Reached **** piety under Wu Jian
 13337 | D:11     | Learned a level 1 spell: Animate Skeleton
 13515 | D:11     | Found a staircase to the Lair.
 13996 | D:10     | You paid a toll of +3 ice dragon scales to enter a treasure
                  | trove
 13997 | Trove    | Entered a treasure trove
 14002 | Trove    | Got a coiled copper ring
 14004 | Trove    | Got a smoking lead ring
 14006 | Trove    | Got a glittering golden ring
 14008 | Trove    | Got a transparent iron ring
 14010 | Trove    | Got a vibrating silver ring
 14012 | Trove    | Got a crude garnet amulet
 14016 | Trove    | Got a glittering glass ring
 14020 | Trove    | Got a faintly glowing turquoise ring
 14022 | Trove    | Got a shimmering amber ring
 14030 | Trove    | Identified the ring of the Omega Point {rElec rPois Dex-5
                  | Slay+4} (You found it in a treasure trove)
 14032 | Trove    | Identified the ring "Olynewk" {Ice rElec Will+ Int+4 Dex+2}
                  | (You found it in a treasure trove)
 14034 | Trove    | Identified the ring "Tesolariz" {EV+4 Str+8 Dex+4 Stlth-}
                  | (You found it in a treasure trove)
 14036 | Trove    | Identified the ring of Evontiq {rPois Str-3 Int+6 Dex+2
                  | Stlth+} (You found it in a treasure trove)
 14038 | Trove    | Identified the ring "Joask" {+Fly EV+4} (You found it in a
                  | treasure trove)
 14049 | Trove    | Identified the amulet of the Duchess {Spirit rC- Int+3 SInv
                  | Stlth+} (You found it in a treasure trove)
 14062 | Trove    | Identified the ring "Pukh" {rPois rF- Dex+6 Stlth+} (You
                  | found it in a treasure trove)
 14066 | Trove    | Identified the ring of Pigrokk {rN++ Int+6} (You found it
                  | in a treasure trove)
 14068 | Trove    | Identified the ring "Gateuc" {+Inv rF+ rC- Will+ Dex+6}
                  | (You found it in a treasure trove)
 14411 | D:12     | Found a staircase to the Orcish Mines.
 14415 | D:12     | Noticed a boulder beetle
 14425 | D:12     | Killed a boulder beetle
 14426 | D:12     | Reached skill level 5 in Ice Magic
 14618 | D:12     | Noticed a seven-headed hydra
 14625 | D:12     | Killed a seven-headed hydra
 14626 | D:12     | Reached skill level 1 in Necromancy
 14686 | D:12     | Noticed a two-headed ogre
 14702 | D:12     | Killed a two-headed ogre
 14703 | D:12     | Reached skill level 15 in Stealth
 14988 | D:12     | Noticed a six-headed hydra
 14994 | D:12     | Killed a six-headed hydra
 14995 | D:12     | Reached skill level 5 in Fighting
 15002 | D:12     | Noticed an eight-headed hydra
 15016 | D:12     | Killed an eight-headed hydra
 15265 | D:12     | Reached ***** piety under Wu Jian
 15266 | D:12     | Reached XP level 12. HP: 54/60 MP: 2/17
 16340 | Lair:1   | Entered Level 1 of the Lair of Beasts
 16525 | Lair:1   | Reached skill level 10 in Evocations
 16546 | Lair:1   | Learned a level 1 spell: Apportation
 16896 | Lair:1   | Noticed a five-headed hydra
 16907 | Lair:1   | Killed a five-headed hydra
 16908 | Lair:1   | Reached skill level 10 in Dodging
 16908 | Lair:1   | Reached skill level 16 in Stealth
 17260 | Lair:2   | Got a coiled lead ring
 17262 | Lair:2   | Identified the ring "Rionef" {rC+ rN+ Str+6} (You found it
                  | on level 2 of the Lair of Beasts)
 17362 | Lair:2   | Noticed Erica
 17383 | Lair:2   | Killed Erica
 17757 | Lair:2   | Reached skill level 1 in Translocations
 17760 | Lair:2   | Found a staircase to the Shoals.
 17852 | Lair:2   | Found a hole to the Spider Nest.
 18561 | Lair:3   | Noticed a death yak
 18564 | Lair:3   | Noticed a death yak
 18564 | Lair:3   | Noticed a death yak
 18564 | Lair:3   | Noticed a death yak
 18565 | Lair:3   | Noticed a death yak
 18580 | Lair:3   | Killed a death yak
 18590 | Lair:3   | Killed a death yak
 18591 | Lair:3   | Reached XP level 13. HP: 66/66 MP: 15/18
 18729 | Orc:1    | Entered Level 1 of the Orcish Mines
 18732 | Orc:1    | Noticed Sonja
 18734 | Orc:1    | Noticed Snorg
 19864 | Lair:4   | Reached skill level 17 in Stealth
 19993 | Lair:4   | Identified Sif Muna's Compendium of Quantum Contamination
 20106 | Lair:4   | Reached ****** piety under Wu Jian
 20394 | Lair:5   | Found a runed translucent door.
 20399 | Lair:5   | Noticed Midn8's ghost (journeyman DrAK)
 20748 | Lair:5   | Found a staircase to the Slime Pits.
 21299 | Lair:5   | Cast into level 2 of the Abyss (Midn8's ghost)
 21319 | Abyss:2  | Noticed a reaper
 21330 | Abyss:2  | Found a corrupted altar of Lugonu.
 21350 | Lair:5   | Escaped the Abyss
 21385 | Lair:5   | Killed Midn8's ghost
 21452 | Lair:6   | Entered Level 6 of the Lair of Beasts
 21469 | Lair:6   | Reached XP level 14. HP: 64/66 MP: 16/19
 21766 | Lair:6   | Reached skill level 18 in Stealth
 21837 | Lair:6   | Reached skill level 15 in Evocations
 22886 | Lair:6   | Reached skill level 1 in Shields
 23926 | Orc:1    | Killed Sonja
 23928 | Orc:1    | Noticed Erolcha
 23935 | Orc:1    | Killed Snorg
 23941 | Orc:1    | Killed Erolcha
 24462 | Orc:1    | Reached skill level 5 in Shields
 24467 | Orc:1    | Noticed Maurice
 24562 | Orc:1    | Killed Maurice
 24605 | Orc:1    | Reached XP level 15. HP: 55/74 MP: 3/20
 24794 | Orc:2    | Entered Level 2 of the Orcish Mines
 25746 | Orc:2    | Found Woc Qin's Book Emporium.
 25746 | Orc:2    | Found Boawiho's Book Emporium.
 25747 | Orc:2    | Found Jeanemif's Jewellery Shoppe.
 25751 | Orc:2    | Found Unki's Book Shoppe.
 25809 | Orc:2    | Bought a Grand Grimoire for 1324 gold pieces
 25811 | Orc:2    | Bought a book of Misfortune for 240 gold pieces
 25816 | Orc:2    | Learned a level 4 spell: Petrify
 25879 | Orc:2    | Found a runed translucent gate.
 25879 | Orc:2    | Found a runed translucent gate.
 25879 | Orc:2    | Found a runed translucent gate.
 25879 | Orc:2    | Noticed gregwegmann's ghost (journeyman GrFi)
 26073 | Orc:2    | Found a staircase to the Elven Halls.
 26457 | D:13     | Noticed Nessos
 26501 | D:13     | Reached skill level 1 in Transmutations
 26522 | D:13     | Killed Nessos
 26523 | D:13     | Reached skill level 1 in Earth Magic
 26657 | D:13     | Slain by a troll

Illustrated notes

Levels and vault maps discovered:
D:1:      giann_horns, layout_basic, serial_bayou_pond_e
D:2:      layout_basic, old_standard_altar, uniq_jessica
D:3:      layout_basic, minmay_overflow_temple_star_hex, cheibrodos_gnoll_hut
D:4:      layout_gridville, gammafunk_temple_overflow_wave, st_stairs_8
D:5:      layout_loops_ring, minmay_temple_entry_waves, doesnt_xom_only_xom
D:6:      layout_basic, grunt_decor_fettered, minivault_10,
          chequers_serial_rivers_large_a, uniq_grinder
D:7:      layout_basic, gammafunk_temple_overflow_pools, st_stairs_9,
          uniq_crazy_yiuf_cottage, uniq_joseph, uniq_maggie
D:8:      lemuel_upstairs_altar, layout_rooms,
          grunt_temple_overflow_growth_and_decay, nicolae_overflow_crystal_walls
D:9:      layout_irregular_city, enter_bailey_2
D:10:     layout_long_grid, nicolae_trove_entry_free_sample
D:11:     layout_layer_cave, lair_entry_dummy, portal_ice_cave_entry_pillars_2
D:12:     layout_irregular_city, hiddenorc2_lemuel
D:13:     cheibrodos_ideogram_h, layout_rooms, uniq_nessos
Temple:   compressed_dpeg_triangle_lava_temple
Lair:1:   layout_long_grid
Lair:2:   layout_misc_corridors, minmay_shoals_entry_lonely_mermaid,
          spider_nest_entry_web_field, roderic_batcave, uniq_erica
Lair:3:   layout_concentric_octagons, grunt_megastairs_5,
          minmay_lair_oklob_chamber, infiniplex_staircase_pool
Lair:4:   layout_loops_ring, special_room [special_room_bee],
          hangedman_lair_generics_rect
Lair:5:   layout_roguey, dpeg_slime_entry_corner, gammafunk_ghost_grave,
          dpeg_oklob_1
Lair:6:   minmay_lair_end_enchanted_forest, layout_regular_city, st_stairs_12,
          chequers_serial_rivers_small_3, chequers_serial_rivers_small_b,
          serial_bayou_pond_c
Orc:1:    lemuel_ogre_cave, layout_diamond_mine, uniq_erolcha, uniq_snorg,
          uniq_sonja, uniq_maurice
Orc:2:    st_orc_mages, layout_caves, gammafunk_ghost_necromancy

Skill      XL: |  1  2  3  4  5  6  7  8  9 10 11 12 13 14 15 |
---------------+----------------------------------------------+-----
Spellcasting   | 3 |  3.1
Hexes          | 4 5 6 8 |  8.0
Stealth        | 5 6 7 9 11 13 14 15 16 17 18 | 18.3
Ice Magic      | 3 4 5 |  5.0
Short Blades   | 6 9 |  9.0
Dodging        | 4 7 9 10 12 13 | 13.0
Evocations     | 3 6 8 12 14 15 | 15.6
Fighting       | 1 3 5 6 7 8 |  8.5
Necromancy     | 3 |  3.0
Translocations | 3 4 |  4.0
Shields        | 6 7 |  7.2
Transmutations | 2 |  2.9
Earth Magic    | 1 |  1.9

Action                   |  1- 3 |  4- 6 |  7- 9 | 10-12 | 13-15 || total
-------------------------+-------+-------+-------+-------+-------++-------
Melee: Dagger            |   156 |    89 |   179 |   387 |  1050 ||  1861
 Cast: Corona            |     3 |       |       |       |       ||     3
       Ensorcelled Hiber |    35 |    41 |    61 |   196 |   201 ||   534
       Tukima's Dance    |       |     2 |     1 |       |       ||     3
       Confusing Touch   |       |       |     6 |    12 |     6 ||    24
       Ozocubu's Armour  |       |       |       |     1 |     1 ||     2
       Animate Skeleton  |       |       |       |       |     3 ||     3
Invok: Lunge             |       |     4 |    38 |    67 |    81 ||   190
       Whirlwind         |       |       |     4 |     7 |    53 ||    64
 Abil: Evoke Invisibilit |       |       |       |       |    22 ||    22
Evoke: Box of beasts     |       |       |       |     3 |     4 ||     7
       Wand              |       |       |       |    20 |    36 ||    56
       Lightning rod     |       |       |       |       |    16 ||    16
  Use: Potion            |     2 |       |       |     1 |       ||     3
       Scroll            |     1 |     6 |     7 |     6 |     7 ||    27
 Stab: Distracted        |     1 |       |       |     2 |     7 ||    10
       Sleeping          |    29 |    31 |    75 |   166 |   141 ||   442
       Confused          |       |       |     7 |    12 |     2 ||    21
       Invisible         |       |       |       |     8 |   193 ||   201
Armor: Robe              |    19 |     9 |     4 |     2 |    19 ||    53
       Skin              |    12 |       |       |       |       ||    12
       Steam dragon scal |       |       |     4 |    15 |       ||    19
Dodge: Dodged            |   123 |    77 |    74 |   284 |   724 ||  1282

Table legend: (Time is in decaauts)
 A = Elapsed time spent in this place.
 B = Non-inter-level travel time spent in this place.
 C = Inter-level travel time spent in this place.
 D = Time resting spent in this place.
 E = Time spent auto-exploring this place.
 F = Levels seen in this place.
 G = Mean time per level.
                   A        B        C        D        E       F      G
               +--------+--------+--------+--------+--------+-----+--------+
         Total |  19760 |  18974 |    786 |   2600 |  12625 |  24 |  823.3 |
       Dungeon |  12562 |  12128 |    434 |   1952 |   8104 |  13 |  966.3 |
        Temple |      1 |      1 |      0 |      0 |      0 |   1 |    1.0 |
          Lair |   5249 |   4959 |    290 |    298 |   3607 |   6 |  874.8 |
  Orcish Mines |   1831 |   1770 |     61 |    349 |    893 |   2 |  915.5 |
         Abyss |     36 |     36 |      0 |      0 |     17 |   1 |   36.0 |
         Trove |     78 |     78 |      0 |      0 |      2 |   1 |   78.0 |
               +--------+--------+--------+--------+--------+-----+--------+

Top non-repeatable levels by time:
     D:1: 1775 daAuts
    D:12: 1425 daAuts
    D:11: 1346 daAuts
     D:3: 1321 daAuts
  Lair:3: 1261 daAuts
  Lair:6: 1223 daAuts
     D:4: 1136 daAuts
   Orc:1: 1100 daAuts
    D:10: 1089 daAuts
     D:6: 1015 daAuts
     D:2: 958 daAuts
  Lair:5: 839 daAuts
     D:7: 785 daAuts
   Orc:2: 730 daAuts
  Lair:4: 701 daAuts
